 Dungeon Crawl Stone Soup version 0.24.0-13-gcf9b3192b9 (webtiles) character file.

Game seed: 9339297505474743926, levelgen mode: deterministic

266 DarthUnicorn the Skirmisher (level 6, -1/62 HPs)
             Began as an Ogre Skald on Nov 6, 2019.
             Shot with an arrow by a centaur (11 damage)
             ... on level 6 of the Dungeon.
             The game lasted 00:16:12 (3043 turns).

DarthUnicorn the Skirmisher (Ogre Skald)            Turns: 3043, Time: 00:16:13

Health: -1/62      AC:  5    Str: 18    XL:     6   Next: 20%
Magic:  19/19      EV: 10    Int: 14    God:
Gold:   133        SH:  0    Dex:  8    Spells: 3/11 levels left

rFire    . . .     SeeInvis .   u - +0 flail
rCold    . . .     Gourm    .   (no shield)
rNeg     . . .     Faith    .   b - +0 robe
rPois    .         Spirit   .   (helmet restricted)
rElec    .         Reflect  .   (no cloak)
rCorr    .         Harm     .   (gloves unavailable)
MR       .....                  (boots unavailable)
Stlth    +.........             (no amulet)
HPRegen  0.20/turn              c - +2 ring of protection
MPRegen  0.16/turn              v - ring of magical power

@: about to teleport
A: large, unfitting armour, tough skin 1
a: no special abilities


You were on level 6 of the Dungeon.
You were not hungry.

You visited 1 branch of the dungeon, and saw 5 of its levels.

You collected 133 gold pieces.

Inventory:

Hand Weapons
 u - a +0 flail (weapon)
Missiles
 a - 8 atropa-tipped darts
 s - 6 poisoned darts (quivered)
Armour
 b - a +0 robe (worn)
Jewellery
 c - a +2 ring of protection (left hand)
 r - an uncursed ring of see invisible
 v - a ring of magical power (right hand)
Wands
 k - a wand of flame (26)
Scrolls
 f - a scroll of fear {unknown}
 h - a scroll of magic mapping
 n - 2 scrolls of remove curse {unknown}
 o - a scroll of identify {unknown}
 t - 2 scrolls of blinking {unknown}
Potions
 e - a potion of lignification
 i - a potion of agility {unknown}
 j - a potion of heal wounds
 m - a potion of invisibility {unknown}
 p - a potion of curing {unknown}
 q - a potion of cancellation {unknown}
Comestibles
 d - 5 rations


   Skills:
 + Level 3.7 Fighting
 + Level 3.5 Maces & Flails
 + Level 2.8 Dodging
 + Level 1.0 Stealth
 + Level 3.1 Spellcasting
 + Level 0.2 Hexes
 + Level 3.5 Charms
 + Level 1.0 Translocations


You had 3 spell levels left.
You knew the following spells:

 Your Spells              Type           Power        Failure   Level  Hunger
a - Infusion              Chrm           ##..         4%          1    #......
b - Song of Slaying       Chrm           ##......     8%          2    ##.....
c - Shroud of Golubria    Chrm/Tloc      #.....       12%         2    ##.....
d - Spectral Weapon       Hex/Chrm       #.......     28%         3    ###....

Your spell library contained the following spells:

 Spells                   Type           Power        Failure   Level  Hunger
 Regeneration             Chrm/Necr      #.........   30%         3    ###....


Dungeon Overview and Level Annotations

Branches:
Dungeon (4/15)
 Temple: D:4-7

Altars:
Kikubaaqudgha
Trog

Annotations:
D:4 Dowan, Eustachio


Innate Abilities, Weirdness & Mutations

You are too large for most types of armour.
You have tough skin. (AC +1)


Message History

You see here 2 arrows.
Unknown command.
Unknown command.
The centaur shoots an arrow.
The arrow misses you.
You hear a bark!
Unknown command.
Your surroundings suddenly seem different.
The crimson imp shouts!
A bullfrog skeleton comes into view.
An electric eel comes into view.
Found 23 gold pieces.
Unknown command.
The centaur shouts!
The centaur wields a +0 shortbow.
The centaur shoots an arrow.
The arrow hits you but does no damage.
The crimson imp blinks!
You see here an arrow.
As you read the scroll of teleportation, it crumbles to dust.
You feel strangely unstable.
The centaur shoots an arrow.
The arrow hits you!
* * * LOW HITPOINT WARNING * * *
The centaur shoots an arrow.
The arrow hits you!
You die...

#.#.....(#.#
.........#.#
≈≈.......#.#
#≈.......#.#
#≈....####.#
#≈.......... ..
≈≈....#...###...
..... #.........
≈≈.$..#.@.......
#≈.§....$.......
#≈c...5.........
#≈.Z...........#
≈≈..##..........
..$ ...........
≈≈ ............
# ...###.......
... ......


You could see a centaur, a crimson imp and a bullfrog skeleton.

Vanquished Creatures
  Duvessa (D:4)
  A hound (D:3)
  An orc wizard (D:3)
  2 adders (D:3)
  An ooze (D:1)
  A worm (D:3)
  3 dart slugs
  2 leopard geckos (D:4)
  4 orcs (D:3)
  A ball python (D:1)
  7 bats
  2 giant cockroaches
  9 goblins
  3 hobgoblins
  8 jackals
  5 kobolds
  3 quokkas
  2 frilled lizards
  7 rats
63 creatures vanquished.

Vanquished Creatures (others)
  2 spectral weapons (D:4)
2 creatures vanquished.

Grand Total: 65 creatures vanquished

Notes
Turn   | Place    | Note
-------+----------+-------------------------------------------
     0 | D:1      | DarthUnicorn the Ogre Skald began the quest for the Orb.
     0 | D:1      | Reached XP level 1. HP: 22/22 MP: 3/3
   199 | D:1      | Reached XP level 2. HP: 24/29 MP: 1/5
   228 | D:1      | Learned a level 2 spell: Song of Slaying
   231 | D:1      | Learned a level 2 spell: Shroud of Golubria
   561 | D:1      | Reached XP level 3. HP: 34/36 MP: 6/6
  1295 | D:2      | Found an ancient bone altar of Kikubaaqudgha.
  1790 | D:3      | Found a bloodstained altar of Trog.
  1892 | D:3      | Reached XP level 4. HP: 45/45 MP: 4/7
  1897 | D:3      | Learned a level 3 spell: Spectral Weapon
  2391 | D:3      | Reached XP level 5. HP: 47/53 MP: 7/9
  2530 | D:4      | Noticed Eustachio
  2689 | D:4      | Noticed an ice beast
  2749 | D:4      | Noticed Duvessa
  2749 | D:4      | Noticed Dowan
  2892 | D:4      | Killed Duvessa
  2892 | D:4      | Reached skill level 1 in Stealth
  2892 | D:4      | Reached skill level 1 in Translocations
  2892 | D:4      | Reached XP level 6. HP: 62/62 MP: 9/10
  3034 | D:4      | You fall into a shaft and drop 2 floors!
  3039 | D:6      | Noticed a sky beast
  3043 | D:6      | Shot with an arrow by a centaur

Levels and vault maps discovered:
D:1:      lightli_arrival_lavapool, layout_basic
D:2:      layout_loops_ring, nicolae_overflow_crystal_walls
D:3:      layout_loops_ring, lemuel_coloured_pillars_altar
D:4:      layout_rooms, first_ration, okawaru_trees_1, uniq_eustachio,
          uniq_duvessa
D:6:      layout_basic, temple_green, serial_park_tiny_1, kennysheep_boxes,
          uniq_prince_ribbit1

Skill      XL: |  1  2  3  4  5 |
---------------+----------------+-----
Maces & Flails | 2 3 |  3.5
Charms         | 3 |  3.5
Fighting       | 3 |  3.7
Stealth        | 1 |  1.0
Spellcasting   | 3 |  3.1
Translocations | 1 |  1.0
Dodging        | |  2.8
Hexes          | |  0.2

Action                   |  1- 3 |  4- 6 || total
-------------------------+-------+-------++-------
Melee: Mace              |   153 |    70 ||   223
       Flail             |       |    60 ||    60
Throw: Dart              |       |     1 ||     1
 Cast: Infusion          |     7 |       ||     7
       Shroud of Golubri |     4 |    11 ||    15
       Song of Slaying   |       |     1 ||     1
       Spectral Weapon   |       |     5 ||     5
Evoke: Wand              |       |     1 ||     1
  Use: Scroll            |       |     5 ||     5
       Potion            |       |     2 ||     2
  Eat: Chunk             |     4 |     5 ||     9
Armor: Robe              |    67 |    51 ||   118
       Skin              |       |    25 ||    25
Dodge: Dodged            |   118 |    86 ||   204
